[Event "Titled Tuesday Blitz June 20 Early 2023"]
[White "Bluebaum, Matthias"]
[Black "Bharath Subramaniyam H"]
[WhiteFideId "24651516"]
[BlackFideId "46634827"]
[WhiteElo "2639"]
[BlackElo "2400"]
[Result "1-0"]
[Round "9"]
[TimeControl "180+2"]
[Date "2023.06.20"]
[WhiteClock "0:01:12"]
[BlackClock "0:00:06"]
[Board "11"]

1. d4 Nf6 2. c4 e6 3. Nc3 Bb4 4. e3 d5 5. Bd2 O-O 6. Nf3 b6 7. cxd5 exd5 8. Rc1 Bb7 9. Bd3 a6 10. O-O Bd6 11. Ne5 c5 12. f4 Nc6 13. Ng4 Be7 14. Nxf6+ Bxf6 15. dxc5 bxc5 16. b3 Rc8 17. Na4 Nb4 18. Bb1 a5 19. Nxc5 Ba8 20. a3 Nc6 21. Qg4 Ne7 22. Nd7 Bb2 23. Rxc8 Qxc8 24. Qh3 g6 25. Nxf8 Qxf8 26. Bxa5 Bxa3 27. Qd7 Bc5 28. Re1 Bc6 29. Qd8 d4 30. exd4 Qxd8 31. Bxd8 Bxd4+ 32. Kh1 Nc8 33. Be4 Bb5 34. Rd1 Be3 35. Bf6 Bb6 36. Bb7 Na7 37. Bd4 Bxd4 38. Rxd4 Kf8 39. Rd1 Be8 40. b4 Ke7 41. Kg1 Nb5 42. Re1+ Kd8 43. Rxe8+ 1-0


[Site "https://www.chess.com"]

[Event "Titled Tuesday Blitz June 20 Early 2023"]
[White "Donchenko, Alexander"]
[Black "Sadhwani, Raunak"]
[WhiteFideId "24603295"]
[BlackFideId "35093487"]
[WhiteElo "2554"]
[BlackElo "2631"]
[Result "1-0"]
[Round "9"]
[TimeControl "180+2"]
[Date "2023.06.20"]
[WhiteClock "0:00:48"]
[BlackClock "0:00:12"]
[Board "12"]

1. d4 g6 2. Nf3 Bg7 3. g3 d6 4. Bg2 Nf6 5. O-O O-O 6. b3 b5 7. Bb2 Bb7 8. Nbd2 Nbd7 9. c4 bxc4 10. Nxc4 a5 11. a3 c5 12. Rc1 cxd4 13. Nxd4 Bxg2 14. Kxg2 Qb8 15. Kg1 Qb7 16. a4 d5 17. Nd2 Ne8 18. N2f3 Nd6 19. Ba3 Ra6 20. Bxd6 exd6 21. Nb5 Nc5 22. Nxd6 Rxd6 23. Rxc5 d4 24. Qd3 Qb4 25. Rc4 Qa3 26. Rd1 Rfd8 27. Ng5 h6 28. Ne4 Rb6 29. Nd2 Qe7 30. h4 Re6 31. Re1 Re8 32. Kf1 Qb7 33. Nf3 g5 34. Kg1 Rb6 35. Rb1 gxh4 36. Nxh4 Rbe6 37. Re1 Rb6 38. Rb1 Rbe6 39. Rc2 h5 40. Nf5 Bf6 41. Rbc1 Qd5 42. Rc5 Qe4 43. Qxe4 Rxe4 44. Nd6 Rxe2 45. Nxe8 Rxe8 46. Rc8 1-0


[Site "https://www.chess.com"]

[Event "Titled Tuesday Blitz June 20 Early 2023"]
[White "Lazavik, Denis"]
[Black "Timofeev, Artyom"]
[WhiteFideId "13515110"]
[BlackFideId "4140419"]
[WhiteElo "2560"]
[BlackElo "2570"]
[Result "1-0"]
[Round "9"]
[TimeControl "180+2"]
[Date "2023.06.20"]
[WhiteClock "0:00:11"]
[BlackClock "0:00:00"]
[Board "13"]

1. d4 d5 2. c4 e6 3. Nf3 c6 4. e3 Nf6 5. b3 Nbd7 6. Bd3 b6 7. O-O Bb7 8. Bb2 Be7 9. Nc3 O-O 10. Qe2 dxc4 11. bxc4 c5 12. Rad1 cxd4 13. exd4 Re8 14. Ne5 Nf8 15. Bb1 Rc8 16. f4 Qc7 17. f5 exf5 18. Bxf5 Rcd8 19. Qf2 a6 20. Ne2 Bd6 21. Bb1 Bxe5 22. dxe5 Rxd1 23. Rxd1 Ne4 24. Qe3 Qxc4 25. Nd4 Nc5 26. Nf5 Qg4 27. Rd2 Ne4 28. Bxe4 Bxe4 29. Nd6 Bc6 30. Nxe8 Bxe8 31. h3 Qe6 32. Rd8 h6 33. Ba3 Ng6 34. Bd6 Kh7 35. Qb3 Bd7 36. Qxe6 Bxe6 37. a3 b5 38. Ra8 Nf4 39. Rxa6 Nd5 40. Ra5 Bd7 41. Ra7 Be6 42. Rb7 Nc3 43. Bb4 Ne2+ 44. Kf2 Nd4 45. Bc5 Nc6 46. Rxb5 Nxe5 47. Be3 Nc4 48. a4 g5 49. a5 Bd7 50. Rc5 Nd6 51. Rd5 Ne4+ 52. Ke1 Bc6 53. Rd4 f5 54. a6 f4 55. Bc1 Kg6 56. a7 1-0


[Site "https://www.chess.com"]

[Event "Titled Tuesday Blitz June 20 Early 2023"]
[White "Svane, Rasmus"]
[Black "Ilamparthi A R"]
[WhiteFideId "4657101"]
[BlackFideId "45015775"]
[WhiteElo "2601"]
[BlackElo "2348"]
[Result "0-1"]
[Round "9"]
[TimeControl "180+2"]
[Date "2023.06.20"]
[WhiteClock "0:00:11"]
[BlackClock "0:00:17"]
[Board "14"]

1. Nf3 Nf6 2. g3 g6 3. Bg2 Bg7 4. O-O c5 5. c4 O-O 6. Nc3 Nc6 7. d4 d6 8. dxc5 dxc5 9. Be3 Be6 10. Qa4 Nd4 11. Rfd1 Bd7 12. Qa3 Nc2 13. Qxc5 b6 14. Qg5 Nxa1 15. Rxa1 Rc8 16. Rd1 Qe8 17. Ne5 Be6 18. Qh4 Nh5 19. Bd4 f6 20. Nd3 Rxc4 21. b3 Rc8 22. g4 g5 23. Qxh5 Qd7 24. Ne5 fxe5 25. Bxe5 Qxd1+ 26. Nxd1 Bxe5 27. Qxg5+ Bg7 28. Be4 Rf6 29. Ne3 Rc5 30. Nf5 Bxf5 31. gxf5 Rg6 32. Qxg6 hxg6 33. fxg6 Rc1+ 34. Kg2 Ra1 35. a4 e6 36. h4 Ra3 37. Bc2 Ra2 38. Bd3 Kf8 39. Kg3 Ke7 40. Kg4 Kf6 41. h5 Rb2 42. Bc4 Bh6 43. f4 Rd2 44. e4 Rg2+ 45. Kf3 Rg1 46. e5+ Ke7 47. Ke4 Re1+ 48. Kf3 Rd1 49. Ke4 Rh1 50. Bxe6 Kxe6 51. f5+ Ke7 52. Kd5 Rd1+ 53. Ke4 Re1+ 54. Kd4 Bg7 55. f6+ Bxf6 56. exf6+ Kxf6 57. Kd5 Re5+ 58. Kc6 Rxh5 59. Kb7 a5 60. Kxb6 Kxg6 61. Kc6 Kf6 62. Kd6 Rh3 63. Kc5 Rxb3 64. Kc4 Rb4+ 65. Kc3 Rxa4 66. Kc2 Rb4 67. Kd3 a4 68. Kc3 Rb8 69. Kd3 a3 70. Kc3 a2 71. Kd3 0-1


[Site "https://www.chess.com"]

[Event "Titled Tuesday Blitz June 20 Early 2023"]
[White "Terry, Renato"]
[Black "Gadimbayli, Abdulla"]
[WhiteFideId "3803457"]
[BlackFideId "13404938"]
[WhiteElo "2575"]
[BlackElo "2386"]
[Result "0-1"]
[Round "9"]
[TimeControl "180+2"]
[Date "2023.06.20"]
[WhiteClock "0:00:00"]
[BlackClock "0:00:06"]
[Board "15"]

1. d4 d5 2. Nf3 Nc6 3. Bf4 Nf6 4. e3 Nh5 5. c3 Nxf4 6. exf4 Bg4 7. Bd3 e6 8. h3 Bxf3 9. Qxf3 g6 10. Nd2 Bd6 11. h4 h5 12. g3 Ne7 13. Qe2 c5 14. dxc5 Bxc5 15. Nf3 Qc7 16. Ne5 Bd6 17. Bb5+ Kf8 18. Nf3 a6 19. Bd3 Nc6 20. O-O Re8 21. Rfe1 Kg7 22. Rad1 Be7 23. Rc1 Bf6 24. c4 Qa5 25. a3 dxc4 26. Rxc4 Rd8 27. Be4 Nd4 28. Nxd4 Rxd4 29. Rxd4 Bxd4 30. Rd1 Rd8 31. Bxb7 Bxf2+ 32. Kxf2 Qb6+ 33. Kf1 Rxd1+ 34. Qxd1 Qxb7 35. Qd4+ Kh7 36. Qc3 Qd5 37. Ke2 Qg2+ 38. Kd1 Qe4 39. Kc1 Qd5 40. b4 Qa2 41. Kd1 Qb1+ 42. Kd2 Qf1 43. Kc2 Qg2+ 44. Kb3 Qd5+ 45. Kb2 Qg2+ 46. Kc1 Qf1+ 47. Kd2 Qg2+ 48. Ke1 Qg1+ 49. Ke2 Qg2+ 50. Kd1 Qf1+ 51. Kc2 Qg2+ 52. Kb3 Qd5+ 53. Qc4 Qd1+ 54. Ka2 Qd2+ 55. Kb1 Qe1+ 56. Kb2 Qxg3 57. Qxa6 Qxh4 58. b5 Qf2+ 59. Kb3 Qe3+ 60. Kc2 Qe2+ 61. Kc3 h4 62. Qd6 h3 63. Qe7 Qxb5 64. Qh4+ Kg7 65. Qxh3 Qc5+ 66. Kb2 Qd4+ 67. Qc3 Qxc3+ 68. Kxc3 Kf8 69. a4 Ke7 70. Kd4 Kd6 71. a5 f6 72. a6 Kc6 73. a7 Kb7 74. Kc5 Kxa7 75. Kd6 g5 0-1


[Site "https://www.chess.com"]

[Event "Titled Tuesday Blitz June 20 Early 2023"]
[White "Beerdsen, Thomas"]
[Black "Puranik, Abhimanyu"]
[WhiteFideId "1030108"]
[BlackFideId "5061245"]
[WhiteElo "2553"]
[BlackElo "2460"]
[Result "0-1"]
[Round "9"]
[TimeControl "180+2"]
[Date "2023.06.20"]
[WhiteClock "0:00:58"]
[BlackClock "0:01:17"]
[Board "16"]

1. e4 c5 2. Nf3 Nc6 3. Bc4 d6 4. c3 Nf6 5. Qe2 g6 6. h3 Bg7 7. O-O O-O 8. a4 d5 9. exd5 Nxd5 10. d3 e5 11. Rd1 h6 12. Na3 Re8 13. Ba2 Bf5 14. Nc4 Qd7 15. Qf1 b6 16. g4 Be6 17. Qg2 Rad8 18. Re1 Qc7 19. Na3 a6 20. Bd2 Qb8 21. Re2 Nc7 22. Bxe6 Nxe6 23. Ne1 Ne7 24. Nc4 Nd5 25. Qg3 Ndf4 26. Re4 b5 27. axb5 axb5 28. Na5 Qa8 29. Kh2 Nxd3 30. Nb3 0-1


[Site "https://www.chess.com"]

[Event "Titled Tuesday Blitz June 20 Early 2023"]
[White "Quesada Perez, Yuniesky"]
[Black "Makarian, Rudik"]
[WhiteFideId "3504409"]
[BlackFideId "44105681"]
[WhiteElo "2585"]
[BlackElo "2451"]
[Result "0-1"]
[Round "9"]
[TimeControl "180+2"]
[Date "2023.06.20"]
[WhiteClock "0:00:00"]
[BlackClock "0:00:04"]
[Board "17"]

1. e4 c5 2. Nf3 e6 3. d4 cxd4 4. Nxd4 Nc6 5. Nc3 Nf6 6. a3 Be7 7. Be3 O-O 8. f4 d6 9. Qf3 Qc7 10. O-O-O Nxd4 11. Rxd4 e5 12. Rd2 a6 13. f5 b5 14. g4 b4 15. axb4 a5 16. b5 a4 17. b6 Qb7 18. g5 a3 19. bxa3 Rxa3 20. gxf6 Ra1+ 21. Kb2 Qa8 22. Ba6 Rxa6 23. fxe7 Re8 24. Rg1 Qc6 25. Qg3 g6 26. fxg6 hxg6 27. Rf2 Be6 28. Rf6 Rxb6+ 29. Bxb6 Qxb6+ 30. Kc1 Rxe7 31. Qh4 Qxg1+ 32. Kd2 Qd4+ 0-1


[Site "https://www.chess.com"]

[Event "Titled Tuesday Blitz June 20 Early 2023"]
[White "Zhigalko, Sergei"]
[Black "Mendonca, Leon Luke"]
[WhiteFideId "13502956"]
[BlackFideId "35028561"]
[WhiteElo "2626"]
[BlackElo "2464"]
[Result "1-0"]
[Round "9"]
[TimeControl "180+2"]
[Date "2023.06.20"]
[WhiteClock "0:00:06"]
[BlackClock "0:00:04"]
[Board "18"]

1. e4 Nf6 2. e5 Ng8 3. Nf3 d6 4. d4 Bg4 5. h3 Bh5 6. e6 fxe6 7. Be2 Nf6 8. Ng5 Bf7 9. O-O Nc6 10. Re1 g6 11. Bc4 d5 12. Bb5 Qd6 13. Nd2 Bh6 14. Nxf7 Kxf7 15. Nf3 Bxc1 16. Qxc1 Kg7 17. Bxc6 Qxc6 18. c3 Rhf8 19. Re2 Ne4 20. Ne5 Qd6 21. Qe3 c5 22. Rae1 Rac8 23. Nd3 b6 24. Ne5 Rf5 25. Ng4 h5 26. Qh6+ Kf7 27. Ne5+ Ke8 28. Qxg6+ Kd8 29. Qxf5 exf5 30. Nf7+ Kd7 31. Nxd6 exd6 32. f3 Ng3 33. Re7+ Kc6 34. Rxa7 f4 35. Kf2 Nf5 36. dxc5 dxc5 37. Re6+ Kb5 38. Rb7 Kc4 39. Rbxb6 Ne3 40. Rxe3 fxe3+ 41. Kxe3 Re8+ 42. Kd2 h4 43. b3# 1-0


[Site "https://www.chess.com"]

[Event "Titled Tuesday Blitz June 20 Early 2023"]
[White "Zemlyanskii, Ivan"]
[Black "Jones, Gawain C B"]
[WhiteFideId "24249971"]
[BlackFideId "409561"]
[WhiteElo "2421"]
[BlackElo "2645"]
[Result "0-1"]
[Round "9"]
[TimeControl "180+2"]
[Date "2023.06.20"]
[WhiteClock "0:00:00"]
[BlackClock "0:00:04"]
[Board "19"]

1. d4 Nf6 2. c4 g6 3. h4 c5 4. d5 b5 5. cxb5 a6 6. e3 Bg7 7. Nc3 d6 8. a4 O-O 9. Nf3 e6 10. dxe6 Bxe6 11. e4 d5 12. e5 Ng4 13. Bf4 Nd7 14. Nxd5 Ndxe5 15. Nxe5 Nxe5 16. Ne3 Qa5+ 17. Qd2 axb5 18. Bxe5 Bxe5 19. Qxa5 Rxa5 20. Bxb5 Bxb2 21. Rb1 Bd4 22. Ke2 Kg7 23. Rhd1 Rc8 24. Rbc1 Ra7 25. Nc4 Bg4+ 26. f3 Re7+ 27. Kf1 Be6 28. Nd6 Rb8 29. Ne4 Be3 30. Rc3 Bd4 31. Rcc1 Rc8 32. Nd6 Ra8 33. Ne4 Bb3 34. Rd2 Be3 35. Rb2 Bxa4 36. Re1 Bd4 37. Rbb1 Rb7 38. Bc4 Rxb1 39. Rxb1 Bc6 40. Nd6 Ra4 41. Bxf7 Be5 42. Be8 Bxe8 43. Nxe8+ Kf8 44. Re1 Ra1 45. Rxa1 Bxa1 46. Nd6 Ke7 47. Nc4 Bf6 48. g3 Ke6 49. Ke2 Kd5 50. Kd3 Bd4 51. Nb6+ Kc6 52. Nc4 Kd5 53. Nb6+ Ke6 54. Ke4 Bf2 55. Nc4 Bxg3 56. Nd2 Bxh4 57. f4 Bf6 58. Nc4 h5 59. Ne3 Bd4 60. Ng2 Kf6 61. Nh4 Bf2 62. Ng2 h4 63. Kf3 h3 64. Ne3 Bxe3 65. Kxe3 h2 66. Kf2 h1=Q 0-1


[Site "https://www.chess.com"]

[Event "Titled Tuesday Blitz June 20 Early 2023"]
[White "Morefield, Jason"]
[Black "Aravindh, Chithambaram VR."]
[WhiteFideId "30920825"]
[BlackFideId "5072786"]
[WhiteElo "2171"]
[BlackElo "2596"]
[Result "0-1"]
[Round "9"]
[TimeControl "180+2"]
[Date "2023.06.20"]
[WhiteClock "0:00:06"]
[BlackClock "0:00:14"]
[Board "20"]

1. e4 e5 2. Nf3 Nf6 3. Nxe5 Nc6 4. Nxc6 dxc6 5. d3 Bc5 6. Be2 h5 7. Be3 Bxe3 8. fxe3 Ng4 9. Bxg4 hxg4 10. g3 Qd6 11. O-O Rh3 12. Rf4 Be6 13. Nd2 g5 14. Rf2 O-O-O 15. Qe2 Rdh8 16. d4 Qxg3+ 17. Rg2 Qxe3+ 18. Qxe3 Rxe3 19. Rf1 Rd8 20. c3 a5 21. a3 b5 22. Rg3 Re2 23. Rg2 Rxg2+ 24. Kxg2 Kd7 25. Kg3 Rh8 26. Rf2 Rh3+ 27. Kg2 Re3 28. Rf1 Ke7 29. Kf2 Rh3 30. Kg2 Rd3 31. Rf2 b4 32. axb4 axb4 33. cxb4 Rxd4 34. Kf1 Rxb4 35. b3 Rb8 36. Ke2 f6 37. Kd3 c5 38. Kc3 Rh8 39. Rg2 Rh3+ 40. Kc2 Kd6 41. Nb1 Bxb3+ 42. Kd2 Be6 43. Nc3 Ke5 44. Rf2 Rf3 45. Rg2 Kd4 46. Ne2+ Kxe4 47. Ng3+ Ke5 48. Re2+ Kd5 49. Ne4 c4 50. Nc3+ Kd6 51. Nb5+ Kd7 52. Nd4 Rd3+ 53. Kc2 Rxd4 0-1


[Site "https://www.chess.com"]

[Event "Titled Tuesday Blitz June 20 Early 2023"]
[White "Durarbayli, Vasif"]
[Black "Tristan, Leonardo"]
[WhiteFideId "13402935"]
[BlackFideId "113816"]
[WhiteElo "2551"]
[BlackElo "2461"]
[Result "1-0"]
[Round "9"]
[TimeControl "180+2"]
[Date "2023.06.20"]
[WhiteClock "0:00:09"]
[BlackClock "0:00:00"]
[Board "21"]

1. e4 d5 2. exd5 Qxd5 3. Nc3 Qa5 4. d4 Nf6 5. Bc4 Bg4 6. f3 Bd7 7. Ne2 e6 8. Bf4 Bd6 9. Qd2 Bxf4 10. Nxf4 Nc6 11. O-O-O O-O-O 12. Ne4 Nxe4 13. fxe4 Qxd2+ 14. Rxd2 e5 15. Nd3 f6 16. dxe5 Nxe5 17. Nxe5 fxe5 18. Rhd1 Bg4 19. Rxd8+ Rxd8 20. Rf1 Rd4 21. Bd5 c6 22. c3 Ra4 23. Rf8+ Kc7 24. Rf7+ Kb6 25. Rxg7 h5 26. h3 Be2 27. Bf7 Rxe4 28. Kd2 h4 29. Bg6 Ra4 30. Kxe2 Rxa2 31. Bc2 Rxb2 32. Kd2 a5 33. Rg4 Kc5 34. Rxh4 b5 35. Kc1 Ra2 36. Kb1 Ra3 37. Kb2 b4 38. Bb3 Kb5 39. Rh8 c5 40. c4+ Kc6 41. Rh6+ Kb7 42. Re6 a4 43. Bc2 Rg3 44. Bxa4 Rxg2+ 45. Bc2 Re2 46. h4 Kc7 47. h5 Kd7 48. Rf6 Rh2 49. h6 e4 50. Rf5 Kd6 51. Rd5+ Kc6 52. Re5 Rxh6 53. Bxe4+ Kb6 54. Bc2 Rh2 55. Re6+ Kc7 56. Kb3 Rh3+ 57. Ka4 Rc3 58. Bb3 Kd7 59. Rh6 Rc1 60. Kb5 Rc3 61. Ba4 b3 62. Kxc5+ Ke7 63. Rb6 Rg3 64. Rxb3 Rg5+ 65. Kb4 Kd6 66. Bb5 Kc7 67. Rd3 Kb6 68. Rd6+ Kc7 69. Rd5 Rg3 70. Kc5 Rg6 71. Rd7+ Kc8 72. Rh7 Rg5+ 73. Kb6 Rg6+ 74. Bc6 Kd8 75. c5 Rg1 76. Rh8+ Ke7 77. Re8+ Kf7 78. Re4 Rb1+ 79. Kc7 Rc1 80. Kd6 Rd1+ 81. Bd5+ Kf6 82. c6 Kf5 83. c7 Rc1 84. Rc4 Rc3 85. c8=Q+ 1-0


[Site "https://www.chess.com"]

[Event "Titled Tuesday Blitz June 20 Early 2023"]
[White "Henriquez Villagra, Cristobal"]
[Black "angelgab3"]
[WhiteFideId "3409350"]
[WhiteElo "2542"]
[BlackElo "2552"]
[Result "1-0"]
[Round "9"]
[TimeControl "180+2"]
[Date "2023.06.20"]
[WhiteClock "0:00:16"]
[BlackClock "0:00:04"]
[Board "22"]

1. d4 Nf6 2. c3 d5 3. Nf3 c5 4. dxc5 a5 5. b4 Nc6 6. b5 Na7 7. e3 e6 8. Ba3 Bd7 9. b6 Nb5 10. Bxb5 Bxb5 11. Qb3 Ba6 12. Ne5 Nd7 13. Qa4 Rc8 14. Nxd7 Qxd7 15. Qxa5 Qc6 16. Nd2 Bxc5 17. Bxc5 Qxc5 18. Qxc5 Rxc5 19. Rc1 O-O 20. Nb3 Rc6 21. Kd2 Rfc8 22. Nd4 Rxb6 23. Rb1 Rd6 24. f4 Rd7 25. Rb4 Rdc7 26. Rb3 Re7 27. Rhb1 h6 28. Ra3 Rc4 29. Rb6 g6 30. g3 Rc8 31. Nc2 Rec7 32. Nb4 Bc4 33. Ra7 Rb8 34. a4 Kg7 35. a5 h5 36. Nc2 Rc5 37. a6 Ra5 38. Raxb7 Ra8 39. Rc6 R5xa6 40. Rcc7 Rf8 41. e4 Ra2 42. e5 Raa8 43. h3 Rae8 44. g4 hxg4 45. hxg4 Kg8 46. g5 Bf1 47. Ne3 Bh3 48. Kd3 Bf5+ 49. Kd4 Be4 50. c4 Bg2 51. c5 Ra8 52. Ra7 Rab8 53. Rcb7 Rxb7 54. Rxb7 Ra8 55. Nc2 Ra4+ 56. Nb4 Bf1 57. c6 Ba6 58. Rb8+ Kg7 59. c7 Bc8 60. Kc5 Bd7 61. Rd8 Ra5+ 62. Kd6 1-0


[Site "https://www.chess.com"]

[Event "Titled Tuesday Blitz June 20 Early 2023"]
[White "Narayanan.S.L"]
[Black "Petrosian, Karlen"]
[WhiteFideId "5058422"]
[BlackFideId "4176146"]
[WhiteElo "2563"]
[BlackElo "2345"]
[Result "1-0"]
[Round "9"]
[TimeControl "180+2"]
[Date "2023.06.20"]
[WhiteClock "0:01:09"]
[BlackClock "0:00:03"]
[Board "23"]

1. f4 g6 2. e4 Bg7 3. d4 d6 4. c4 Nf6 5. Nc3 O-O 6. Nf3 c5 7. dxc5 Qa5 8. Bd3 Qxc5 9. Qe2 Nc6 10. Be3 Qa5 11. O-O Ng4 12. Bd2 Nd4 13. Nxd4 Bxd4+ 14. Kh1 Qh5 15. h3 Nf6 16. Qxh5 Nxh5 17. Kh2 Be6 18. g4 Nf6 19. f5 Bd7 20. g5 Nh5 21. Nd5 e6 22. Ne7+ Kh8 23. Bc3 Bxc3 24. bxc3 e5 25. f6 Nf4 26. Rf3 h5 27. Rd1 Rfd8 28. Bf1 Be6 29. Kg3 Rd7 30. Rxf4 exf4+ 31. Kxf4 Rad8 32. h4 Rc7 33. Rd4 Rc5 34. Ke3 Ra5 35. Rd2 Kh7 36. Be2 Rc5 37. Rd4 Ra5 38. Rd2 Rc5 39. Rb2 b6 40. Kd4 Rd7 41. Nd5 Bxd5 42. cxd5 Rd8 43. Bb5 Kg8 44. c4 Kf8 45. Re2 Ra8 46. Bc6 Rc8 47. e5 dxe5+ 48. Rxe5 Rd8 49. Kc3 Ra5 50. a4 Rc5 51. Re7 a6 52. Rb7 b5 53. axb5 axb5 54. Rxb5 Rxb5 55. cxb5 1-0


[Site "https://www.chess.com"]

[Event "Titled Tuesday Blitz June 20 Early 2023"]
[White "Hayrapetyan, Hovik"]
[Black "Gordievsky, Dmitry"]
[WhiteFideId "13302639"]
[BlackFideId "24112798"]
[WhiteElo "2348"]
[BlackElo "2546"]
[Result "0-1"]
[Round "9"]
[TimeControl "180+2"]
[Date "2023.06.20"]
[WhiteClock "0:00:03"]
[BlackClock "0:01:09"]
[Board "24"]

1. d4 d5 2. c4 e6 3. Nc3 Nf6 4. Nf3 Bb4 5. Qa4+ Nc6 6. a3 Bxc3+ 7. bxc3 h6 8. cxd5 exd5 9. Bf4 Bd7 10. e3 O-O 11. Qc2 Na5 12. Bd3 c5 13. dxc5 Rc8 14. Nd4 Re8 15. Bd6 b6 16. Ba6 bxc5 17. Bxc8 Qxc8 18. Nf3 Ne4 19. Bg3 Bb5 20. Rb1 Qa6 21. Ne5 f6 22. c4 Nxc4 23. Nxc4 Bxc4 24. Bf4 Bd3 25. Qb2 0-1


[Site "https://www.chess.com"]

[Event "Titled Tuesday Blitz June 20 Early 2023"]
[White "Indjic, Aleksandar"]
[Black "Fernandez Guillen, Ernesto J."]
[WhiteFideId "911925"]
[BlackFideId "3512428"]
[WhiteElo "2614"]
[BlackElo "2434"]
[Result "1-0"]
[Round "9"]
[TimeControl "180+2"]
[Date "2023.06.20"]
[WhiteClock "0:01:46"]
[BlackClock "0:00:00"]
[Board "25"]

1. d4 Nf6 2. c4 g6 3. f3 d6 4. e4 Bg7 5. Ne2 O-O 6. Be3 e5 7. Qd2 Nc6 8. d5 Ne7 9. g4 a5 10. h4 Nd7 11. h5 Nc5 12. Nbc3 f5 13. hxg6 fxg4 14. gxh7+ Kh8 15. f4 exf4 16. Nxf4 Qe8 17. Bd3 Nxd3+ 18. Qxd3 Nf5 19. exf5 Bxf5 20. Qd2 Be4 21. Nxe4 Qxe4 22. O-O-O Qxc4+ 23. Kb1 Qe4+ 24. Ka1 a4 25. a3 Rae8 26. Ne6 Be5 27. Rhe1 Rf3 28. Bd4 Qf5 29. Bxe5+ dxe5 30. Nxc7 Rc8 31. d6 g3 32. d7 Rd8 33. Qd5 g2 34. Ne6 g1=Q 35. Rxg1 Rxd7 36. Qxd7 1-0


[Site "https://www.chess.com"]

[Event "Titled Tuesday Blitz June 20 Early 2023"]
[White "Priasmoro, Novendra"]
[Black "Nogerbek, Kazybek"]
[WhiteFideId "7105029"]
[BlackFideId "13710427"]
[WhiteElo "2412"]
[BlackElo "2498"]
[Result "1-0"]
[Round "9"]
[TimeControl "180+2"]
[Date "2023.06.20"]
[WhiteClock "0:00:08"]
[BlackClock "0:00:01"]
[Board "26"]

1. e4 e5 2. Nf3 Nc6 3. Bb5 a6 4. Ba4 Nf6 5. O-O Be7 6. Re1 b5 7. Bb3 d6 8. c3 O-O 9. h3 Re8 10. d4 Bb7 11. Nbd2 Bf8 12. Bc2 g6 13. a3 Bg7 14. Nf1 Nb8 15. Ng3 Nbd7 16. Bg5 h6 17. Bd2 c6 18. a4 Qc7 19. Bd3 Rad8 20. Qc1 Kh7 21. Qc2 c5 22. axb5 c4 23. Bf1 axb5 24. d5 Nc5 25. Be3 Ra8 26. Nd2 Nfd7 27. b4 cxb3 28. Nxb3 Nxb3 29. Qxb3 Nc5 30. Qxb5 Ba6 31. Qc6 Qxc6 32. dxc6 Bxf1 33. Kxf1 Ne6 34. Reb1 Rxa1 35. Rxa1 Rc8 36. Ra6 Bf8 37. f3 Nd8 38. c7 Rxc7 39. Bb6 Rc6 40. Ra8 Ne6 41. Ba5 h5 42. Bb4 Bh6 43. Ne2 Be3 44. Ke1 h4 45. Kd1 f5 46. Kc2 Bc5 47. Kd3 Kg7 48. Re8 Kf6 49. Rh8 Kg5 50. Re8 Ng7 51. Rg8 Kf6 52. Rf8+ Ke7 53. Rh8 Nh5 54. exf5 Kf6 55. fxg6 Kxg6 56. Rd8 Bxb4 57. cxb4 Kf7 58. b5 Rb6 59. Kc4 Nf6 60. Nc3 Ke6 61. Na4 Rb7 62. b6 Nd7 63. Kb5 Kd5 64. Ka6 Rb8 65. Rxd7 Kc6 66. Rc7+ 1-0


[Site "https://www.chess.com"]

[Event "Titled Tuesday Blitz June 20 Early 2023"]
[White "Srihari L R"]
[Black "Baskakov, Egor"]
[WhiteFideId "46617116"]
[BlackFideId "24197866"]
[WhiteElo "2334"]
[BlackElo "2225"]
[Result "1-0"]
[Round "9"]
[TimeControl "180+2"]
[Date "2023.06.20"]
[WhiteClock "0:00:14"]
[BlackClock "0:00:11"]
[Board "27"]

1. c4 Nf6 2. Nc3 e6 3. Nf3 d5 4. e3 Ne4 5. Qc2 f5 6. b3 c6 7. Bb2 Nd7 8. d3 Nxc3 9. Bxc3 Nf6 10. g3 Be7 11. Bg2 Kf8 12. O-O Bd7 13. Ne5 Be8 14. cxd5 cxd5 15. Rac1 Rc8 16. Qd2 Kg8 17. Bb4 Rc7 18. Rxc7 Qxc7 19. Bxe7 Qxe7 20. Rc1 Ng4 21. Nxg4 fxg4 22. Qc3 Bc6 23. Qd4 Qa3 24. Rc2 h5 25. h3 gxh3 26. Bxh3 Rh6 27. e4 Qf8 28. Bg2 dxe4 29. Bxe4 h4 30. Bxc6 bxc6 31. Rxc6 hxg3 32. fxg3 Rf6 33. Rc1 Rf3 34. Kg2 Qf5 35. Qd8+ Kf7 36. Rc7+ Kg6 37. Qe8+ Kh6 38. Qh8+ 1-0


[Site "https://www.chess.com"]

[Event "Titled Tuesday Blitz June 20 Early 2023"]
[White "Rahman, Masruri"]
[Black "Pap, Gyula"]
[WhiteFideId "7101163"]
[BlackFideId "725323"]
[WhiteElo "2256"]
[BlackElo "2519"]
[Result "0-1"]
[Round "9"]
[TimeControl "180+2"]
[Date "2023.06.20"]
[WhiteClock "0:00:00"]
[BlackClock "0:01:30"]
[Board "28"]

1. d4 d5 2. Bf4 c5 3. e3 Nf6 4. c3 Nc6 5. Nd2 Bf5 6. Qb3 Qc8 7. Ngf3 e6 8. Be2 h6 9. h3 c4 10. Qd1 b5 11. a3 Be7 12. O-O O-O 13. Qc1 a5 14. Bd1 b4 15. Bc2 Bxc2 16. Qxc2 bxa3 17. bxa3 a4 18. Ne5 Na5 19. Kh1 Nb3 20. Ra2 Ne8 21. Ng4 Bd6 22. Be5 Qd7 23. Nf3 f6 24. Bxd6 Nxd6 25. Qg6 Kh8 26. Nh4 Qf7 27. Qc2 Kg8 28. Nf3 Ne4 29. Ng1 Rab8 30. Kh2 Rb6 31. f3 Qc7+ 32. f4 Rfb8 33. Nf2 Nbd2 34. Nxe4 Nxf1+ 0-1


[Site "https://www.chess.com"]

[Event "Titled Tuesday Blitz June 20 Early 2023"]
[White "Fus, Jakub"]
[Black "Grandelius, Nils"]
[WhiteFideId "1193023"]
[BlackFideId "1710400"]
[WhiteElo "2335"]
[BlackElo "2573"]
[Result "0-1"]
[Round "9"]
[TimeControl "180+2"]
[Date "2023.06.20"]
[WhiteClock "0:00:02"]
[BlackClock "0:00:05"]
[Board "29"]

1. d4 d5 2. c4 e6 3. Nf3 a6 4. cxd5 exd5 5. Nc3 h6 6. Bf4 Nf6 7. e3 Bd6 8. Be5 c6 9. Bd3 O-O 10. h3 Re8 11. O-O Bxe5 12. Nxe5 c5 13. Rc1 cxd4 14. exd4 Bd7 15. Qb3 Nc6 16. Nxc6 Bxc6 17. Rfe1 Qd6 18. Qd1 Qf4 19. Ne2 Qh4 20. Qd2 Bb5 21. Qf4 Qxf4 22. Nxf4 Rxe1+ 23. Rxe1 g5 24. Bxb5 axb5 25. Nd3 Rxa2 26. Re7 Ra4 27. Rxb7 Rxd4 28. Ne5 Ne4 29. f3 Nd6 30. Rb6 Nc4 31. Rb8+ Kg7 32. Nc6 Rd1+ 33. Kh2 Nxb2 34. Rxb5 Nc4 35. Rb7 Kf6 36. Nd8 Ne5 37. Rb6+ Ke7 38. Nb7 d4 39. Nc5 d3 40. Ne4 f5 41. Nc5 d2 42. Rb2 Rh1+ 43. Kxh1 d1=Q+ 44. Kh2 Qd6 45. Nb7 Nxf3+ 46. Kh1 Qh2# 0-1


[Site "https://www.chess.com"]

[Event "Titled Tuesday Blitz June 20 Early 2023"]
[White "Ajay Karthikeyan"]
[Black "Mikhailovsky, Vladimir"]
[WhiteFideId "35011685"]
[BlackFideId "34105414"]
[WhiteElo "2321"]
[BlackElo "2244"]
[Result "0-1"]
[Round "9"]
[TimeControl "180+2"]
[Date "2023.06.20"]
[WhiteClock "0:00:06"]
[BlackClock "0:00:20"]
[Board "30"]

1. e4 c6 2. d4 d5 3. exd5 cxd5 4. Bd3 Nc6 5. c3 Nf6 6. Bf4 Bg4 7. Qb3 Qd7 8. Nd2 e6 9. Ngf3 Bd6 10. Bxd6 Qxd6 11. O-O O-O 12. Rae1 Ne7 13. Ne5 Bf5 14. Qc2 b5 15. Nb3 b4 16. Nc5 a5 17. Bxf5 Nxf5 18. g4 Ne7 19. g5 Nh5 20. Re3 Nf4 21. h4 f6 22. Ned7 Rf7 23. gxf6 gxf6 24. Kh1 Kh8 25. Rg1 Nf5 26. Rxe6 Nxe6 27. Qxf5 Nxc5 28. Nxc5 bxc3 29. bxc3 Rg8 30. Rxg8+ Kxg8 31. Qg4+ Kh8 32. Qc8+ Rf8 33. Qf5 Qe7 34. Qxd5 Qe1+ 35. Kh2 Qxf2+ 36. Qg2 Qxh4+ 37. Qh3 Qf2+ 38. Qg2 Qf4+ 39. Qg3 Qd2+ 40. Kh3 Rg8 41. Qf3 Qh6+ 42. Qh5 Qxh5# 0-1


[Site "https://www.chess.com"]